 Dungeon Crawl Stone Soup version 0.26.1-11-gd32895ea62 (webtiles) character file.

Game seed: 1043222041263105383

3710 Zeld the Cruncher (level 10, -19/60 HPs)
             Began as an Octopode Gladiator on May 18, 2021.
             Was a Believer of Wu Jian.
             Killed from afar by Erica (30 damage)
             ... with a bolt of poison
             ... on level 8 of the Dungeon.
             The game lasted 00:15:22 (10708 turns).

Zeld the Cruncher (Octopode Gladiator)             Turns: 10708, Time: 00:15:22

Health: -19/60     AC:  3    Str: 13    XL:     10   Next: 14%
Magic:  19/19      EV: 14    Int: 11    God:    Wu Jian [**....]
Gold:   566        SH:  0    Dex: 17    Spells: 9/9 levels left

rFire    + . .     SeeInvis .   u - +4 quarterstaff
rCold    . . .     Faith    .   (shield currently unavailable)
rNeg     . . .     Spirit   .   b - +2 hat
rPois    .         Reflect  .   (no amulet)
rElec    .         Harm     .   x - ring of magical power
rCorr    .         Rampage  .   v - ring of protection from fire
Will     .....                  (no ring)
Stlth    +++.......             (no ring)
HPRegen  0.20/turn              (no ring)
MPRegen  0.16/turn              (no ring)
                                (no ring)
                                (no ring)

@: lethally poisoned (-19 -> -33)
A: almost no armour, stealthy swim, amphibious, 8 rings, constrict 8, camouflage
1, gelatinous body 1
a: Renounce Religion, Wall Jump


You were on level 8 of the Dungeon.
You worshipped Wu Jian.
Wu Jian was pleased with you.
You visited 2 branches of the dungeon, and saw 9 of its levels.

You collected 566 gold pieces.

Inventory:

Hand Weapons
 a - a +0 quarterstaff
 k - a +0 quarterstaff
 t - a +2 quarterstaff of chaos
 u - a +4 quarterstaff (weapon)
Missiles
 c - 4 throwing nets
 f - 7 javelins
 o - 7 boomerangs
 p - 32 poisoned darts (quivered)
Armour
 b - a +2 hat (worn)
Jewellery
 v - a ring of protection from fire (right tentacle)
 x - a ring of magical power (left tentacle)
Wands
 l - a wand of flame (10)
 y - a wand of enslavement (6)
Scrolls
 d - a scroll of blinking {unknown}
 g - 2 scrolls of amnesia
 i - 7 scrolls of remove curse
 s - a scroll of teleportation
Potions
 h - 2 potions of ambrosia
 j - 2 potions of flight
 m - 2 potions of might
 r - 3 potions of curing
 w - a potion of attraction {unknown}
 z - a potion of invisibility {unknown}


   Skills:
 - Level 2.0 Fighting
 * Level 10.5 Staves
 * Level 10.2 Throwing
 - Level 3.0 Dodging


You had 9 spell levels left.
You didn't know any spells.
Your spell library contained the following spells:

 Spells                   Type           Power        Failure   Level
 Summon Small Mammal      Summ           0%           34%         1
 Call Imp                 Summ           0%           47%         2
 Call Canine Familiar     Summ           0%           71%         3
 Summon Guardian Golem    Hex/Summ       0%           71%         3
 Summon Ice Beast         Ice/Summ       0%           98%         4
 Summon Lightning Spire   Summ/Air       0%           98%         4


Dungeon Overview and Level Annotations

Branches:
Dungeon (8/15)             Temple (1/1) D:4            Lair (0/6) D:8

Altars:
Ashenzari
Cheibriados
Dithmenos
Elyvilon
Fedhas
Gozag
Hepliaklqana
Kikubaaqudgha
Makhleb
Nemelex Xobeh
Okawaru
Qazlal
Ru
Sif Muna
Trog
Uskayaw
Vehumet
Wu Jian
Xom
Yredelemnul
Zin

Annotations:
D:8 Erica, Grum


Innate Abilities, Weirdness & Mutations

You cannot wear most types of armour.
You are very stealthy in the water. (Stealth+)
You are amphibious.
You can wear up to eight rings at the same time.
You can use your tentacles to constrict eight enemies at once.
Your skin changes colour to match your surroundings (Stealth+).
Your rubbery body absorbs attacks. (AC +1, EV +1)


Message History

Erica casts a spell at you. The bolt of poison hits you!!
You are poisoned.
* * * LOW HITPOINT WARNING * * *
Found a staircase to the Lair.
Okay, then.
It was a potion of curing.
You feel better.
As you read the scroll of teleportation, it crumbles to dust.
You feel strangely unstable.
It was a potion of cancellation.
You feel strangely stable.
You feel magically purged.
You spin and attack Erica.
You hit Erica. You grab Erica.
Erica is lightly wounded.
You constrict Erica. Erica closely misses you.
You release your grip on Erica.
Erica casts a spell at you. The bolt of poison hits you!!
You are lethally poisoned!
Ouch! That really hurt!
You die...

#..###### #.......#
#### #..#.##.# #...
#.....#.## ##...#
###........#
##.....##....#..#..#
#....P..##.....(#..#
#.......##..<.#.#..##
.....P.@##...O......#
.P......#######..#.##
......@.#..........#
........#######O.#.#
...P.>..##...##..#.#
#.......##.#.##..#.#
#.......#........#.#
##.....##..#..##.#.#
#########.......#.#


You could see Erica.

Vanquished Creatures
  A two-headed ogre (D:8)
  Joseph (D:7)
  Sigmund (D:5)
  A yak (D:7)
  A water moccasin (D:5)
  A sky beast (D:7)
  2 ice beasts (D:6)
  2 phantoms
  4 ogres
  2 wolves (D:7)
  A centaur (D:6)
  2 big kobolds
  2 bullfrogs
  A water moccasin zombie (D:6)
  2 scorpions
  A wight (D:8)
  3 howler monkeys
  2 hounds (D:4)
  An orc priest (D:7)
  A centaur skeleton (D:4)
  2 jellies
  Crazy Yiuf (D:5)
  A gnoll shaman (D:6)
  An iguana (D:6)
  2 orc wizards
  6 worker ants
  A hound zombie (D:7)
  A worker ant zombie (D:8)
  7 gnolls
  7 adders
  A hound simulacrum (D:8)
  A shadow imp (D:7)
  A worker ant simulacrum (D:8)
  5 ufetubi
  An adder skeleton (D:7)
  5 worms
  2 dart slugs
  2 leopard geckos
  6 orcs
  A ball python (D:2)
  5 bats
  6 giant cockroaches
  8 hobgoblins
  6 jackals
  16 kobolds
  2 quokkas
  10 frilled lizards
  13 goblins
  A leopard gecko skeleton (D:7)
  2 rats (D:1)
  A rat zombie (D:7)
156 creatures vanquished.

Vanquished Creatures (others)
  39 plants (D:8)
39 creatures vanquished.

Grand Total: 195 creatures vanquished

Notes
Turn   | Place    | Note
-------+----------+-------------------------------------------
     0 | D:1      | Zeld the Octopode Gladiator began the quest for the Orb.
     0 | D:1      | Reached XP level 1. HP: 14/14 MP: 1/1
    85 | D:1      | Reached XP level 2. HP: 19/19 MP: 2/2
   483 | D:1      | Reached XP level 3. HP: 14/24 MP: 3/3
  1238 | D:2      | Reached XP level 4. HP: 25/29 MP: 4/4
  1953 | D:3      | Found a sacrificial altar of Ru.
  2508 | D:3      | Found a snail-covered altar of Cheibriados.
  2894 | D:4      | Found an ornate altar of the Wu Jian Council.
  2898 | D:4      | Became a worshipper of the Wu Jian Council
  2954 | D:4      | Reached XP level 5. HP: 29/34 MP: 5/5
  3239 | D:4      | Noticed a phantom
  3256 | D:4      | Reached skill level 5 in Staves
  3256 | D:4      | Reached XP level 6. HP: 17/39 MP: 6/6
  3262 | D:4      | Killed a phantom
  3518 | D:4      | Found a staircase to the Ecumenical Temple.
  3559 | D:4      | Reached skill level 5 in Throwing
  3568 | Temple   | Entered the Ecumenical Temple
  4066 | D:4      | Reached XP level 7. HP: 35/45 MP: 7/7
  4456 | D:5      | Entered Level 5 of the Dungeon
  4679 | D:5      | Noticed Sigmund
  4684 | D:5      | Killed Sigmund
  5324 | D:5      | Found a runed translucent door.
  5325 | D:5      | Noticed Crazy Yiuf
  5330 | D:5      | Killed Crazy Yiuf
  5331 | D:5      | Reached XP level 8. HP: 38/50 MP: 8/8
  5465 | D:5      | Found an opulent altar of Gozag.
  5487 | D:5      | Found a sparkling altar of Nemelex Xobeh.
  5935 | D:6      | Found a hazy altar of Hepliaklqana.
  6837 | D:6      | Reached * piety under Wu Jian
  7065 | D:6      | Reached XP level 9. HP: 45/54 MP: 9/9
  7480 | D:7      | Noticed Joseph
  7510 | D:7      | HP: 2/54 [Joseph/sling bullet (20)]
  7914 | D:7      | Killed Joseph
  8757 | D:7      | Found an ancient bone altar of Kikubaaqudgha.
  9035 | D:8      | Noticed Grum
  9042 | D:8      | Noticed Erica
 10009 | D:8      | Noticed a polar bear
 10360 | D:8      | Noticed a two-headed ogre
 10372 | D:8      | Killed a two-headed ogre
 10373 | D:8      | Reached skill level 10 in Staves
 10373 | D:8      | Reached skill level 10 in Throwing
 10373 | D:8      | Reached XP level 10. HP: 60/60 MP: 10/10
 10524 | D:8      | Reached ** piety under Wu Jian
 10703 | D:8      | Found a staircase to the Lair.
 10703 | D:8      | HP: 2/60 [Erica/bolt of poison (24)]
 10708 | D:8      | Killed from afar by Erica

Illustrated notes

Levels and vault maps discovered:
D:1:      minmay_arrival_plants_in_alcoves, layout_rooms,
          kennysheep_another_room
D:2:      layout_rooms, serial_bayou_pond_c
D:3:      layout_loops_ring, cheibriados_altar_1,
          nicolae_ru_great_annihilating_truth
D:4:      layout_gridville, marbit_many_paths, temple_pool_b
D:5:      layout_loops_cross, lemuel_crystal_altar,
          nemelex_xobeh_ov_fountains_minmay, minmay_ogre_servants, uniq_sigmund,
          uniq_crazy_yiuf_cottage
D:6:      layout_basic, lemuel_doored_altar, minivault_25,
          chequers_serial_rivers_small_a, amethyst_killhole
D:7:      layout_rooms, lemuel_zombie_altar_kikubaaqudgha,
          chequers_serial_rivers_room_b, chequers_serial_rivers_micro_b,
          uniq_joseph
D:8:      minmay_the_grid_plus_closed [minmay_the_grid_gridbox,
          minmay_the_grid_plusring, minmay_the_grid_expand,
          minmay_the_grid_broken_lines, minmay_the_grid_prize_shrinking_boxes],
          layout_basic, david_lair_shrubbed, serial_ice, serial_ice_m,
          serial_ice_e, serial_ice_a, serial_ice_c, serial_ice_g, serial_ice_f,
          uniq_grum, uniq_erica
Temple:   nicolae_temple_great_sept

Skill      XL: |  1  2  3  4  5  6  7  8  9 |
---------------+----------------------------+-----
Throwing       | 3 4 5 6 8 10 | 10.2
Staves         | 4 5 6 8 10 | 10.5
Fighting       | |  2.0
Dodging        | |  3.0

Action                   |  1- 3 |  4- 6 |  7- 9 | 10-12 || total
-------------------------+-------+-------+-------+-------++-------
Melee: Quarterstaff      |    57 |    80 |   203 |    43 ||   383
       Constrict         |    14 |    15 |    37 |     8 ||    74
       Tentacles         |     8 |    14 |    48 |     7 ||    77
Invok: Lunge             |       |     5 |    24 |     1 ||    30
       Whirlwind         |       |       |     4 |     3 ||     7
  Use: Scroll            |       |    11 |     5 |     2 ||    18
       Potion            |       |       |     2 |     3 ||     5
 Stab: Sleeping          |     5 |     8 |     9 |       ||    22
       Paralysed         |       |     1 |       |       ||     1
       Distracted        |       |       |       |     1 ||     1
Armor: Skin              |     2 |     2 |    24 |     6 ||    34
Dodge: Dodged            |    42 |    34 |   134 |    20 ||   230
